 Dungeon Crawl Stone Soup version 0.28.0-49-g6dfe1f597d (webtiles) character file.

Game seed: 16858131509764774865

4 Exodus22XD the Sneak (level 1, 0/9 HPs)
             Began as a Spriggan Enchanter on May 15, 2022.
             Slain by a giant cockroach (1 damage)
             ... on level 1 of the Dungeon.
             The game lasted 00:00:09 (137 turns).

Exodus22XD the Sneak (Spriggan Enchanter)            Turns: 137, Time: 00:00:10

Health: 0/9        AC:  2    Str:  4    XL:     1   Next: 50%
Magic:  5/5        EV: 17    Int: 16    God:
Gold:   25         SH:  0    Dex: 15    Spells: 5/5 levels left

rFire   . . .      SeeInvis +   a - +1 dagger
rCold   . . .      Faith    .   (no shield)
rNeg    . . .      Spirit   .   b - +0 robe
rPois   .          Reflect  .   (helmet restricted)
rElec   .          Harm     .   (no cloak)
rCorr   .          Rampage  .   (gloves unavailable)
Will    .....                   (boots unavailable)
Stlth   +++.......              (no amulet)
HPRegen 0.03/turn               (no ring)
MPRegen 0.09/turn               (no ring)

@: very quick
A: very small, no large weapons, unfitting armour, see invisible, speed 3
a: no special abilities


You were on level 1 of the Dungeon.
You visited 1 branch of the dungeon, and saw 1 of its levels.

You collected 25 gold pieces.

Inventory:

Hand Weapons
 a - a +1 dagger (weapon)
Armour
 b - a +0 robe (worn)
Scrolls
 d - a scroll of amnesia {unknown}
Potions
 c - a potion of invisibility


   Skills:
 - Level 1.1 Short Blades
 - Level 2.6 Dodging
 + Level 4.9 Stealth
 - Level 2.6 Spellcasting
 - Level 3.6 Hexes


You had 5 spell levels left.
You didn't know any spells.
Your spell library contained the following spells:

 Spells                   Type           Power      Damage    Failure   Level
 Confusing Touch          Hex            13%        N/A       13%         3
 Tukima's Dance           Hex            13%        N/A       13%         3
 Ensorcelled Hibernation  Hex/Ice        14%        N/A       14%         2
 Dazzling Flash           Conj/Hex       14%        N/A       28%         3


Dungeon Overview and Level Annotations

Branches:
Dungeon (1/15)

Altars:


Innate Abilities, Weirdness & Mutations

You are very small and have problems with some larger weapons.
You are too small for most types of armour.
You have supernaturally acute eyesight. (SInv)
You cover ground extremely quickly. (Speed+++)


Message History

You hit the jackal.
The jackal is severely wounded.
The jackal bites you but does no damage.
You closely miss the jackal.
The jackal is severely wounded.
The jackal misses you.
You hit the jackal but do no damage.
The jackal is severely wounded.
The jackal misses you.
You barely miss the jackal.
The jackal is severely wounded.
The jackal bites you.
A frilled lizard comes into view.
The jackal bites you.
You hit the jackal but do no damage.
The jackal is severely wounded.
The jackal completely misses you.
You hit the jackal.
You kill the jackal!
You barely miss the rat.
A goblin comes into view. It is wielding a +0 club.
The rat misses you.
You barely miss the rat. The rat misses you.
You barely miss the rat. The rat barely misses you.
You hit the rat.
The rat is heavily wounded.
The rat misses you.
You closely miss the rat.
The rat is heavily wounded.
The rat bites you.
You barely miss the rat.
The rat is heavily wounded.
An endoplasm comes into view.
The rat bites you.
* * * LOW HITPOINT WARNING * * *
The endoplasm quivers.
You hit the rat.
You kill the rat!
You barely miss the giant cockroach. The giant cockroach bites you.
You die...

#.........##.
#.........)..
........J.##
#..........
##........#
..##..l.b....#
#......ghh..##
........#B####
.##..#.##@##
....#. #..#
.##. #. ##.# #
.. #.# .. #.#
#. #.#
....###.#
........###
####.##.)[# .


You could see an endoplasm, 2 jackals, a giant cockroach, a goblin, a bat and a
frilled lizard.

Vanquished Creatures
  A goblin (D:1)
  A jackal (D:1)
  A ball python (D:1)
  A rat (D:1)
4 creatures vanquished.

Notes
Turn   | Place    | Note
-------+----------+-------------------------------------------
     0 | D:1      | Exodus22XD the Spriggan Enchanter began the quest for the
                  | Orb.
     0 | D:1      | Reached XP level 1. HP: 9/9 MP: 5/5
   137 | D:1      | Slain by a giant cockroach

Illustrated notes

Levels and vault maps discovered:
D:1:      lemuel_arrival_tunnels, layout_rooms, minmay_pentomino_w4

Action                   || total
-------------------------++-------
Melee: Dagger            ||    26
       Punch             ||     1
Armor: Robe              ||     2
Dodge: Dodged            ||    23
